 Dungeon Crawl Stone Soup version 0.27.1 (webtiles) character file.

Game seed: 7588415135070643743

147 Kold the Shield-Bearer (level 5, -4/41 HPs)
             Began as a Formicid Fighter on Sept 3, 2021.
             Slain by an ogre (15 damage)
             ... on level 4 of the Dungeon.
             The game lasted 00:02:16 (3034 turns).

Kold the Shield-Bearer (Formicid Fighter)           Turns: 3034, Time: 00:02:18

Health: -4/41      AC:  6    Str: 22    XL:     5   Next: 55%
Magic:  5/5        EV:  9    Int:  7    God:
Gold:   105        SH:  5    Dex: 10    Spells: 4/4 levels left

rFire    . . .     SeeInvis +   a - +0 long sword
rCold    . . .     Faith    .   s - +0 buckler
rNeg     . . .     Spirit   .   b - +0 scale mail
rPois    .         Reflect  .   (helmet unavailable)
rElec    .         Harm     .   (no cloak)
rCorr    .         Rampage  .   (no gloves)
Will     +....                  (no boots)
Stlth    ..........             t - amulet of regeneration
HPRegen  1.13/turn              h - ring of willpower
MPRegen  0.09/turn              (no ring)

@: no status effects
A: permanent stasis, dig shafts and tunnels, antennae 3, four strong arms
a: Dig, Shaft Self


You were on level 4 of the Dungeon.
You visited 1 branch of the dungeon, and saw 4 of its levels.

You collected 105 gold pieces.

Inventory:

Hand Weapons
 a - a +0 long sword (weapon)
Armour
 b - a +0 scale mail (worn)
 c - a +0 kite shield
 s - a +0 buckler (worn)
Jewellery
 h - a ring of willpower (left hand)
 i - a ring of ice
 t - an amulet of regeneration (around neck)
Wands
 o - a wand of charming (8)
Scrolls
 f - 2 scrolls of blinking {unknown}
 g - 2 scrolls of magic mapping {unknown}
 j - a scroll of immolation {unknown}
 m - 3 scrolls of teleportation {unknown}
 n - 3 scrolls of identify {unknown}
 q - a scroll of amnesia {unknown}
 u - a scroll of enchant weapon {unknown}
Potions
 d - a potion of might
 e - a potion of experience {unknown}
 k - a potion of degeneration {unknown}
 l - 2 potions of curing {unknown}
 p - a potion of heal wounds {unknown}
 r - a potion of attraction {unknown}


   Skills:
 - Level 3.2 Fighting
 * Level 4.5 Long Blades
 - Level 3.2 Armour
 + Level 4.9 Shields


You had 4 spell levels left.
You didn't know any spells.
Your spell library contained the following spells:

 Spells                   Type           Power      Damage    Failure   Level
 Call Canine Familiar     Summ           0%         N/A       98%         3
 Inner Flame              Hex/Fire       0%         N/A       98%         3
 Portal Projectile        Hex/Tloc       0%         N/A       98%         3
 Cause Fear               Hex            0%         N/A       100%        4
 Leda's Liquefaction      Hex/Erth       0%         N/A       100%        4
 Discord                  Hex            0%         N/A       100%        8


Dungeon Overview and Level Annotations

Branches:
Dungeon (4/15)
 Temple: D:4-7

Altars:
Yredelemnul

Annotations:
D:3 2 transporters
D:4 1 runed translucent door


Innate Abilities, Weirdness & Mutations

You cannot be hasted, slowed, berserked, paralysed or teleported.
You can dig through walls and to a lower floor.
You have a pair of large antennae on your head. (SInv)
Your four strong arms can wield two-handed weapons with a shield.


Message History

You finish putting on your +0 buckler.
Found a stone staircase leading down.
Found a leather armour.
t - an amulet of regeneration You start putting on your amulet.
You continue putting on your amulet of regeneration. x5
You finish putting on your amulet of regeneration.
The amulet throbs as it attunes itself to your uninjured body.
t - an amulet of regeneration (around neck)
Found an escape hatch in the floor.
There is a stone staircase leading down here.
Found a scroll labelled AGAM NUTWAMA.
u - a scroll labelled AGAM NUTWAMA
There is an escape hatch in the floor here.
Found 11 gold pieces.
Found a stone staircase leading up.
Found a basalt altar of Yredelemnul.
You now have 105 gold pieces (gained 11).
You sense a monster nearby.
Found a stone staircase leading up.
An ogre comes into view. It is wielding a +0 giant spiked club.
The ogre shouts!
The ogre moves out of view.
There is a stone staircase leading up here.
There is a stone staircase leading up here.
An ogre is nearby!
An ogre is nearby!
The ogre hits you with a +0 giant spiked club!
There is a stone staircase leading up here.
You climb upwards.
Level annotation: 2 transporters
There is a stone staircase leading down here.
You start resting.
HP restored.
You climb downwards.
Level annotation: 1 runed translucent door The ogre hits you with a +0 giant spiked club!!
Ouch! That really hurt!
* * * LOW HITPOINT WARNING * * *
The ogre hits you with a +0 giant spiked club!
You die...

####. ### ....
..# #... #.#
#...###.# .
..##.# #.#.##.#
#.#.##.#
#....@O# #######
###.#### #.....#
###.#### #.....#
##.<....##
#.....#
##....##..####
#.....#
#...........8#
#.....#
#............#
###.###
#.....#.....###
#...#
##...##.###.#...


You could see an ogre.

Vanquished Creatures
  A scorpion (D:4)
  4 adders
  A worm (D:3)
  A dart slug (D:1)
  7 bats
  3 endoplasms
  2 goblins (D:1)
  6 hobgoblins
  3 jackals
  3 kobolds
  3 quokkas
  3 ball pythons
  2 frilled lizards
  6 rats
45 creatures vanquished.

Vanquished Creatures (others)
  4 plants (D:3)
  2 withered plants (D:3)
6 creatures vanquished.

Grand Total: 51 creatures vanquished

Notes
Turn   | Place    | Note
-------+----------+-------------------------------------------
     0 | D:1      | Kold the Formicid Fighter began the quest for the Orb.
     0 | D:1      | Reached XP level 1. HP: 18/18 MP: 1/1
   159 | D:1      | Reached XP level 2. HP: 23/24 MP: 2/2
   792 | D:1      | Reached XP level 3. HP: 24/27 MP: 3/3
  1216 | D:2      | Reached XP level 4. HP: 28/35 MP: 4/4
  1710 | D:3      | Found a transporter.
  2128 | D:3      | Found a transporter.
  2304 | D:3      | Found a faded altar of an unknown god.
  2539 | D:4      | Noticed a human
  2539 | D:4      | Found a runed translucent door.
  2610 | D:4      | Noticed a scorpion
  2621 | D:4      | Killed a scorpion
  2622 | D:4      | Reached XP level 5. HP: 7/41 MP: 5/5
  3002 | D:4      | Found a basalt altar of Yredelemnul.
  3014 | D:4      | Noticed an ogre
  3034 | D:4      | Slain by an ogre

Illustrated notes

Levels and vault maps discovered:
D:1:      ncdulo_smallfort, layout_basic, minmay_unequal
D:2:      layout_rooms, kennysheep_cross_room
D:3:      gammafunk_wand_slinger, layout_rooms,
          shapermc_ecumenical_altar_flowoftime
D:4:      layout_loops_cross, dk_yredelemnul_ordeal, serial_park_tiny_2

Skill      XL: |  1  2  3  4 |
---------------+-------------+-----
Shields        | 4 |  4.9
Long Blades    | 3 4 |  4.5
Fighting       | |  3.2
Armour         | |  3.2

Action                   |  1- 3 |  4- 6 || total
-------------------------+-------+-------++-------
Melee: Long sword        |    90 |    70 ||   160
Armor: Scale mail        |    64 |    21 ||    85
Dodge: Dodged            |    50 |    24 ||    74
Block: Kite shield       |    74 |    41 ||   115
       Rpst.: Long sword |    13 |     9 ||    22
